 Dungeon Crawl Stone Soup version 0.31.0-9-g3a7656b989 (webtiles) character file.

Game seed: 8941592185300855203

16224 Conn the Arsonist (level 12, -6/76 HPs)
             Began as an Octopode Fire Elementalist on Jan 28, 2024.
             Was a Believer of Sif Muna.
             Killed by an exploding yak (27 damage)
             ... ignited by their inner flame
             ... on level 3 of the Lair of Beasts.
             The game lasted 00:44:00 (14361 turns).

Conn the Arsonist (Octopode Fire Elementalist)     Turns: 14361, Time: 00:44:02

Health: -6/76      AC:  1    Str: 16    XL:     12   Next: 35%
Magic:  1/22       EV: 16    Int: 22    God:    Sif Muna [**....]
Gold:   728        SH:  0    Dex: 13    Spells: 2/24 levels left

rFire   . . .        D - +5 quarterstaff of Moral Flaws {drain, rPois Will++ rCorr Str-3}
rCold   . . .        (shield currently unavailable)
rNeg    . . .        (helmet restricted)
rPois   +            (no amulet)
rElec   .            p - +6 ring of strength
rCorr   +            G - +6 ring of strength
SInv    .            (no ring)
Will    ++...        (no ring)
Stlth   +++++        (no ring)
HPRegen 0.32/turn    (no ring)
MPRegen 0.18/turn    (no ring)
                     (no ring)

%: no passive effects
@: lethally poisoned (-6 -> -20)
A: almost no armour, amphibious, 8 rings, camouflage 1, gelatinous body 1,
(nimble swimmer 1), tentacles, antennae 1, tentacle spike 1
a: Renounce Religion, Channel Magic


You were on level 3 of the Lair of Beasts.
You worshipped Sif Muna.
Sif Muna was pleased with you.
You visited 3 branches of the dungeon, and saw 13 of its levels.

You collected 1716 gold pieces.
You spent 988 gold pieces at shops.

Inventory:

Hand Weapons
 d - a +0 short sword
 e - a +1 dagger of electrocution
 n - a +4 short sword of venom
 D - the +5 quarterstaff of Moral Flaws (weapon) {drain, rPois Will++ rCorr Str-3}
   (You found it on level 2 of the Lair of Beasts)

   Str-3:     It affects your strength (-3).
   rPois:     It protects you from poison Will++: It greatly increases your
   willpower.
   rCorr:     It protects you from acid and corrosion.
Missiles
 o - 36 poisoned darts (quivered)
 B - 4 atropa-tipped darts
Armour
 t - the orb of Tenacity {guile, Int+2 Summ}
   (You bought it in a shop on level 5 of the Dungeon)

   Int+2:     It affects your intelligence (+2).
   Summ:      It increases the power of your Summonings spells.
Magical Staves
 F - a staff of air
Jewellery
 p - a +6 ring of strength (left tentacle)
 u - a ring of ice
 G - a +6 ring of strength (right tentacle)
Wands
 c - a wand of polymorph (8)
 l - a wand of roots (11)
 q - a wand of mindburst (7)
 v - a wand of acid (2)
 w - a wand of flame (21)
Scrolls
 b - a scroll of fog
 f - 3 scrolls of noise
 k - 4 scrolls of teleportation
 y - 4 scrolls of vulnerability
 C - 2 scrolls of enchant armour
 E - 3 scrolls of poison {unknown}
Potions
 a - 3 potions of magic
 g - 3 potions of haste
 h - a potion of resistance
 i - 2 potions of degeneration
 j - 5 potions of curing
 m - a potion of invisibility {unknown}
 r - a potion of enlightenment {unknown}
 s - a potion of mutation
 x - 2 potions of lignification
 z - 2 potions of might {unknown}
 A - a potion of cancellation {unknown}


   Skills:
 + Level 4.8 Fighting
 + Level 7.6 Dodging
 - Level 8.2 Stealth
 + Level 6.9 Spellcasting
 * Level 8.9 Conjurations
 - Level 5.0 Hexes
 * Level 9.3 Fire Magic
 - Level 4.0 Ice Magic
 + Level 0.2 Air Magic
 + Level 6.7 Invocations


You had 2 spell levels left.
You knew the following spells:

 Your Spells              Type           Power      Damage    Failure   Level
a - Foxfire               Conj/Fire      100%       2x1d9     1%          1
b - Scorch                Fire           96%        2d9       1%          2
c - Inner Flame           Hex/Fire       39%        N/A       1%          3
d - Flame Wave            Conj/Fire      47%        2d12      1%          4
e - Ozocubu's Armour      Ice            25%        N/A       4%          3
f - Hailstorm             Conj/Ice       36%        3d9       1%          3
g - Starburst             Conj/Fire      23%        6d8       30%         6

Your spell library contained the following spells:

 Spells                   Type           Power      Damage    Failure   Level
 Freeze                   Ice            100%       1d10      1%          1
 Magic Dart               Conj           100%       1d8       1%          1
 Sting                    Conj/Alch      100%       1d9       1%          1
 Searing Ray              Conj           92%        2d7       1%          2
 Mercury Vapours          Alch/Air       16%        N/A       12%         2
 Volatile Blastmotes      Fire/Tloc      56%        2d14      3%          3
 Frozen Ramparts          Ice            50%        1d8       4%          3
 Mephitic Cloud           Conj/Alch/Air  21%        N/A       7%          3
 Fulminant Prism          Conj/Alch      13%        3d8       13%         4
 Fugue of the Fallen      Necr           7%         N/A       26%         3
 Freezing Cloud           Conj/Ice/Air   13%        6-21      36%         5
 Irradiate                Conj/Alch      13%        3d16      36%         5
 Manifold Assault         Tloc           7%         N/A       63%         4
 Olgreb's Toxic Radiance  Alch           7%         N/A       63%         4
 Plasma Beam              Fire/Air       14%        2x1d25    87%         6
 Ignition                 Fire           24%        3d8       100%        8


Dungeon Overview and Level Annotations

Branches:
Dungeon (9/15)             Temple (1/1) D:5            Lair (3/5) D:8
 Shoals (0/4) Lair:3       Spider (0/4) Lair:2
    Orc: D:9-12

Altars:
Ashenzari
Cheibriados
Dithmenos
Elyvilon
Fedhas
Gozag
Hepliaklqana
Kikubaaqudgha
Makhleb
Nemelex Xobeh
Okawaru
Qazlal
Ru
Sif Muna
Trog
Uskayaw
Vehumet
Wu Jian
Xom
Yredelemnul
Zin
The Shining One

Shops:
D:1 :   D:5 [

Annotations:
D:4 2 transporters, GriffinBr's ghost, amateur OpSh
D:8 Gastronok
Lair:2 2 transporters, hitsuchi's ghost, journeyman HOFi


Innate Abilities, Weirdness & Mutations

You cannot wear most types of armour.
You are amphibious.
You can wear up to eight rings at the same time.
Your skin changes colour to match your surroundings (Stealth+).
Your rubbery body absorbs attacks. (AC +1, EV +1)
((You are camouflaged when in or above water. (Stealth+)))
You have tentacles for arms and can constrict up to eight enemies at once.
You have a pair of small antennae on your head.
One of your tentacles bears a spike.


Message History

Flames lash the yak.
Flame seeps out of the yak.
The yak is lightly wounded.
The yak's fire resistance burns away.
The yak is engulfed in blazing flames.
Flame seeps out of the yak.
The cane toad stings you!
You are poisoned.
The cane toad poisons you!
Unknown command.
Casting: Scorch (safe; 1% risk of failure)
Confirm with . or Enter, or press ? or * to list all spells.
Casting: Flame Wave (dangerous; 1% risk of failure)
Press: ? - help, Dir - look around, f - activate A wave of flame ripples out!
The flame wave engulfs the cane toad!
The cane toad is burned terribly!
The cane toad is severely wounded. (Press . to intensify the flame waves.)
You feel very sick.
You hear a loud, deep croak!
The cane toad barely misses you.
Unknown command.
Unknown command.
A wave of flame ripples out!
The flame wave engulfs the cane toad!
The cane toad is burned terribly!
The cane toad is almost dead.
The flame wave engulfs the yak!!
Flame seeps out of the yak.
The yak is severely wounded.
The flame wave engulfs the yak!!
The yak is burned terribly!
Sif Muna accepts your kill.
The yak explodes!
The fiery explosion engulfs you!
The fiery explosion engulfs the cane toad!!!
The cane toad is burned terribly!
You kill the cane toad!
Sif Muna accepts your kill.
You are engulfed in blazing flames.
You feel very sick.
The yak is engulfed in blazing flames.
Sif Muna accepts your kill.
The yak explodes!
The fiery explosion engulfs you!!
You die...

....P ....... ...#
...........#
##..P#..#...##
.........#...
..........#..# ###
..........#§§#...#.
..........#○§.Y...Y ..#.
.........@§Y.Y...Y
....###P.##....§§°.....
...............§§§..##.P
....................# .
.................[....
....................P..
......#.##..#.##.P..#..
......+................
........#.#.###......


You could see 3 yaks.

Vanquished Creatures
  Nessos (Lair:3)
  2 death yaks (Lair:2)
  3 black mambas
  5 elephants (Lair:1)
  A water nymph (Lair:3)
  7 cane toads
  2 komodo dragons
  Psyche (D:8)
  13 blink frogs
  A jumping spider (Lair:2)
  Sigmund (D:6)
  2 wyverns
  10 yaks
  Eustachio (D:5)
  A redback (Lair:2)
  Edmund (D:4)
  Duvessa (D:7)
  12 water moccasins
  2 orc warriors
  A sky beast (D:8)
  4 ice beasts
  2 centaurs
  4 wolves (Lair:1)
  A phantom (D:6)
  2 kobold brigands (D:7)
  11 bullfrogs
  4 killer bees
  Dowan (D:7)
  A howler monkey (D:8)
  2 electric eels
  4 hounds
  3 orc priests (D:5)
  2 jellies
  3 sleepcaps
  2 iguanas
  4 orc wizards
  Robin (D:4)
  10 adders
  A shadow imp (D:7)
  2 ufetubi (D:6)
  A ribbon worm (D:3)
  24 orcs
  5 bats
  3 endoplasms
  A giant cockroach (D:1)
  15 goblins
  9 hobgoblins
  3 jackals (D:5)
  12 kobolds
  6 quokkas
  8 ball pythons
  4 frilled lizards
  8 rats
231 creatures vanquished.

Vanquished Creatures (collateral kills)
  9 foxfires
9 creatures vanquished.

Vanquished Creatures (others)
  663 foxfires
663 creatures vanquished.

Grand Total: 903 creatures vanquished

Notes
Turn   | Place    | Note
-------+----------+-------------------------------------------
     0 | D:1      | Conn the Octopode Fire Elementalist began the quest for the
                  | Orb.
     0 | D:1      | Reached XP level 1. HP: 11/11 MP: 3/3
   249 | D:2      | Reached XP level 2. HP: 14/17 MP: 0/5
   252 | D:2      | Learned a level 2 spell: Scorch
   478 | D:1      | Found Nuonomp's Book Shop.
   822 | D:1      | Found a faded altar of an unknown god.
   941 | D:1      | Reached XP level 3. HP: 18/21 MP: 6/6
   993 | D:1      | Learned a level 3 spell: Inner Flame
  1181 | D:2      | Found a hide-covered altar of Uskayaw.
  1753 | D:2      | Reached XP level 4. HP: 17/27 MP: 0/7
  2264 | D:3      | Reached XP level 5. HP: 31/31 MP: 0/8
  2389 | D:3      | Found an ornate altar of the Wu Jian Council.
  2390 | D:3      | Found a glowing golden altar of the Shining One.
  2510 | D:3      | Reached skill level 1 in Hexes
  3092 | D:4      | Noticed GriffinBr's ghost (amateur OpSh)
  3093 | D:4      | Found a transporter.
  3094 | D:4      | Noticed an ogre
  3094 | D:4      | Noticed an ogre
  3281 | D:4      | Noticed Edmund
  3288 | D:4      | Killed Edmund
  3289 | D:4      | Reached XP level 6. HP: 36/36 MP: 0/10
  3290 | D:4      | Noticed Robin
  3368 | D:4      | Killed Robin
  3369 | D:4      | Reached skill level 4 in Fire Magic
  3847 | D:4      | Found a transporter.
  3963 | D:4      | Learned a level 4 spell: Flame Wave
  3991 | D:5      | Entered Level 5 of the Dungeon
  4050 | D:5      | Found a staircase to the Ecumenical Temple.
  4069 | Temple   | Entered the Ecumenical Temple
  4073 | Temple   | Became a worshipper of Sif Muna the Loreminder
  4094 | D:5      | Found Ekhly's Antique Armour Boutique.
  4112 | D:5      | Noticed an ice beast
  4117 | D:5      | Killed an ice beast
  4118 | D:5      | Reached XP level 7. HP: 41/41 MP: 6/11
  4259 | D:5      | Reached skill level 5 in Stealth
  4585 | D:5      | Noticed Eustachio
  4604 | D:5      | Killed Eustachio
  5237 | D:5      | Learned a level 3 spell: Ozocubu's Armour
  5518 | D:5      | Reached XP level 8. HP: 37/46 MP: 10/13
  5720 | D:6      | Reached skill level 1 in Invocations
  5789 | D:6      | Reached skill level 1 in Ice Magic
  5981 | D:6      | Noticed Sigmund
  5985 | D:6      | Killed Sigmund
  6271 | D:7      | Found a white marble altar of Elyvilon.
  6464 | D:6      | Reached skill level 5 in Fire Magic
  7063 | D:7      | Reached * piety under Sif Muna
  7066 | D:7      | Reached XP level 9. HP: 46/51 MP: 2/15
  7419 | D:7      | Noticed Duvessa
  7428 | D:7      | Killed Duvessa
  7492 | D:7      | Noticed Dowan
  7496 | D:7      | Killed Dowan
  7497 | D:7      | Reached skill level 5 in Dodging
  8221 | D:8      | Noticed a komodo dragon
  8382 | D:8      | Noticed Gastronok
  8413 | D:8      | Reached skill level 5 in Conjurations
  8442 | D:8      | Noticed Psyche
  8650 | D:9      | Found an iron altar of Okawaru.
  8677 | D:8      | Killed a komodo dragon
  8678 | D:8      | Reached skill level 5 in Spellcasting
  8787 | D:8      | Reached XP level 10. HP: 46/56 MP: 8/17
  8810 | D:8      | Killed Psyche
  8811 | D:8      | Reached skill level 6 in Fire Magic
  9026 | D:8      | Found a staircase to the Lair.
  9065 | D:8      | Identified a scroll of acquirement
  9065 | D:8      | Acquired 1280 gold pieces
  9221 | D:1      | Bought a book of Fire for 384 gold pieces
  9221 | D:1      | Bought a book of Frost for 240 gold pieces
  9225 | D:1      | Learned a level 3 spell: Hailstorm
  9357 | D:5      | Bought a brightly glowing orb for 364 gold pieces
  9357 | D:5      | Identified the orb of Tenacity {guile, Int+2 Summ} (You
                  | bought it in a shop on level 5 of the Dungeon)
  9492 | Lair:1   | Entered Level 1 of the Lair of Beasts
  9522 | Lair:1   | Reached skill level 5 in Hexes
  9639 | Lair:1   | Reached skill level 1 in Fighting
  9892 | Lair:1   | Noticed a cane toad
  9894 | Lair:1   | Noticed a cane toad
  9898 | Lair:1   | Killed a cane toad
  9902 | Lair:1   | Reached ** piety under Sif Muna
  9903 | Lair:1   | Killed a cane toad
  9904 | Lair:1   | Reached skill level 7 in Fire Magic
  9904 | Lair:1   | Reached skill level 5 in Invocations
  9936 | Lair:1   | Reached XP level 11. HP: 53/65 MP: 0/19
 11320 | Lair:1   | Learned a level 6 spell: Starburst
 11414 | Lair:2   | Found a hole to the Spider Nest.
 11421 | Lair:2   | Reached skill level 8 in Fire Magic
 11766 | Lair:1   | Gained mutation: You have a pair of small antennae on your
                  | head. [potion of mutation]
 11766 | Lair:1   | Gained mutation: One of your tentacles bears a spike.
                  | [potion of mutation]
 12055 | Lair:2   | Identified the +5 quarterstaff of Moral Flaws {drain, rPois
                  | Will++ rCorr Str-3}
 12130 | Lair:2   | Noticed a death yak
 12131 | Lair:2   | Noticed a death yak
 12131 | Lair:2   | Noticed a death yak
 12134 | Lair:2   | Noticed a death yak
 12161 | Lair:2   | Killed a death yak
 12168 | Lair:2   | Killed a death yak
 12451 | Lair:3   | Reached XP level 12. HP: 29/74 MP: 5/21
 12847 | Lair:2   | Noticed hitsuchi's ghost (journeyman HOFi)
 12859 | Lair:2   | Found a transporter.
 12863 | Lair:2   | Found a transporter.
 13053 | Lair:2   | Reached skill level 9 in Fire Magic
 14049 | Lair:3   | Noticed Nessos
 14069 | Lair:3   | Killed Nessos
 14361 | Lair:3   | Killed by an exploding yak... ignited by their inner flame

Illustrated notes

Levels and vault maps discovered:
D:1:      scummos_arrival_checkerplants, layout_loops_ring, serial_shops,
          nicolae_shop_tiny_statue_garden, shapermc_ecumenical_altar_hornbeckon,
          minmay_tromino_v2
D:2:      layout_loops_ring, basic_altar, kennysheep_generic_room_16
D:3:      layout_basic, mainiacjoe_overflow_divided_tiny
D:4:      layout_gridville, gammafunk_ghost_smash, uniq_edmund, uniq_robin
D:5:      layout_gridville, minmay_temple_entry_statues_pillars, serial_shops,
          nicolae_lakefront_shop, grunt_ministairs_12, uniq_eustachio
D:6:      layout_layer_cave, uniq_sigmund
D:7:      layout_basic, mainiacjoe_overflow_catwalk, st_stairs_11, uniq_duvessa
D:8:      layout_cave_pools, due_lair_maze_entry_diamond, st_stairs_13,
          minmay_fire_ice_demons, uniq_psyche, uniq_gastronok, uniq_joseph
D:9:      layout_cave_pods, overflow_temple_1_default, serial_ice, serial_ice_j,
          serial_ice_m, serial_ice_e, serial_ice_c, serial_ice_g,
          serial_bayou_crossing, uniq_pikel
Temple:   nicolae_temple_bog_church
Lair:1:   layout_roguey, serial_rivers, chequers_serial_rivers_micro_d,
          chequers_serial_rivers_large_b, chequers_serial_rivers_room_b,
          chequers_serial_rivers_room_b, grunt_megastairs_3
Lair:2:   layout_chaotic_city, spider_nest_entry_a, gammafunk_ghost_hive,
          bh_autumn_forest_stairs, wad_woods_road_03
Lair:3:   dreamdust_isle_of_ice, layout_chaotic_city,
          nicolae_shoals_entry_flooding, cheibrodos_lair_caveside_slide,
          uniq_nessos

Skill      XL: |  1  2  3  4  5  6  7  8  9 10 11 12 |
---------------+-------------------------------------+-----
Stealth        | 3 4 5 6 7 8 |  8.2
Conjurations   | 2 3 4 5 6 8 |  8.9
Hexes          | 1 2 3 4 5 |  5.0
Dodging        | 3 4 5 6 7 |  7.6
Spellcasting   | 3 4 5 6 |  6.9
Fire Magic     | 4 5 7 8 9 |  9.3
Invocations    | 2 4 5 6 |  6.7
Ice Magic      | 2 3 4 |  4.0
Fighting       | 2 4 |  4.8
Air Magic      | |  0.2

Action                     |  1- 3 |  4- 6 |  7- 9 | 10-12 || total
---------------------------+-------+-------+-------+-------++-------
  Melee: Unarmed           |     4 |       |       |       ||     4
         Constrict         |     4 |     1 |    11 |     5 ||    21
         Tentacles         |     3 |     2 |     9 |     7 ||    21
         Dagger            |    13 |     2 |       |       ||    15
         Short sword       |     2 |     6 |    35 |    27 ||    70
         Quarterstaff      |       |       |       |     5 ||     5
         Kick              |       |       |       |     1 ||     1
  Throw: Dart              |       |       |       |     6 ||     6
   Cast: Foxfire           |    50 |   101 |   111 |   138 ||   400
         Scorch            |       |     8 |    43 |    59 ||   110
         Inner Flame       |       |     1 |    18 |    25 ||    44
         Flame Wave        |       |       |     5 |    18 ||    23
         Ozocubu's Armour  |       |       |     1 |     8 ||     9
         Hailstorm         |       |       |       |     5 ||     5
         Starburst         |       |       |       |     1 ||     1
 Invoke: Channel Magic     |       |       |     1 |     3 ||     4
  Evoke: Wand              |       |       |     2 |     6 ||     8
    Use: Scroll            |       |     6 |     5 |     7 ||    18
         Potion            |       |       |     2 |     4 ||     6
   Stab: Sleeping          |     6 |     2 |     3 |     2 ||    13
 Armour: Skin              |    11 |     8 |    45 |    88 ||   152
  Dodge: Dodged            |    12 |    10 |    61 |    77 ||   160
